Map: 逐梦之地-天梯版

Players

Snute

  • Race: Zerg Zerg
  • Spawn Location: 11:00

iAsonu - Winner!

  • Race: Zerg Zerg
  • Spawn Location: 5:00

Event: WCS Valencia 2018

VOD

Have the link to the VOD?

Description

Time

  • Played on: July 12, 2018, 2:41 p.m.
  • Length: 9:04

All games in this series

Show
View Real Time Build Order
Export as new Build Order

Snute Zerg 

Build Orders: Hatch First 

Get SALT Encoding   

  12  0:00  Drone  
  13  0:12  Overlord  
  13  0:17  Drone  
  14  0:30  Drone x2  
  14  0:34  Drone  
  17  0:52  Hatchery  
  17  0:55  Drone  
  17  0:57  Drone  
  17  1:00  Extractor  
  17  1:13  Spawning Pool  
  17  1:16  Drone  
  17  1:19  Drone  
  18  1:27  Drone  
  19  1:38  Overlord  
  19  1:49  Drone  
  20  1:59  Metabolic Boost, Queen  
  22  2:04  Drone, Queen  
  22  2:07  Drone  
  26  2:11  Drone  
  26  2:15  Drone  
  28  2:21  Drone  
  29  2:25  Drone  
  30  2:37  Zergling x4, Hatchery  
  29  2:42  Overlord  
  31  2:47  Zergling x2  
  32  2:53  Zergling x2  
  32  2:58  Zergling x2  
  34  3:04  Zergling x2  
  35  3:07  Drone x3  
  35  3:09  Drone  
  35  3:11  Drone x2  
  41  3:13  Overlord  
  41  3:22  Overlord, Drone  
  42  3:27  Drone  
  42  3:31  Evolution Chamber, Drone  
  43  3:34  Extractor  
  43  3:39  Drone x3  
  43  3:43  Drone  
  43  3:44  Drone x3  
  45  3:50  Extractor  
  45  3:51  Drone x2  
  46  3:55  Drone  
  46  3:57  Zerg Missile Weapons Level 1  
  45  4:03  Roach Warren, Drone x2  
  46  4:14  Overlord  
  46  4:18  Drone  
  46  4:19  Queen  
  46  4:21  Overlord  
  49  4:35  Overlord  
  49  4:42  Roach x2  
  49  4:43  Roach x7  
  67  4:50  Roach x3  
  73  4:53  Roach  
  73  4:57  Roach x2  
  73  4:58  Roach x2  
  83  5:00  Overlord  
  83  5:06  Roach x2  
  87  5:09  Roach  
  89  5:16  Overlord  
  89  5:17  Drone  
  89  5:20  Lair  
  90  5:23  Drone x4  
  90  5:26  Drone x4  
  98  5:29  Overlord  
  98  5:34  Overlord  
  98  5:35  Drone x2  
  100  5:37  Drone  
  100  5:38  Extractor  
  100  5:42  Drone x2  
  102  5:44  Drone  
  102  5:48  Extractor  
  102  5:51  Zerg Ground Armor Level 1  
  102  5:52  Drone x3  
  102  5:55  Overlord  
  105  5:57  Drone x3  
  105  6:00  Roach x2  
  105  6:04  Roach x2  
  114  6:09  Overlord x2  
  116  6:13  Roach  
  116  6:14  Roach  
  116  6:17  Evolution Chamber  
  116  6:18  Glial Reconstitution  
  119  6:21  Roach x2  
  119  6:23  Overlord  
  123  6:27  Drone  
  123  6:28  Roach x2  
  123  6:29  Roach  
  130  6:33  Drone  
  130  6:34  Roach x2  
  130  6:36  Overlord  
  130  6:38  Roach  
  130  6:39  Roach  
  139  6:43  Roach x2  
  139  6:46  Zerg Missile Weapons Level 2  
  143  6:49  Ravager  
  143  6:50  Ravager  
  143  6:52  Roach  
  147  6:56  Drone  
  147  6:57  Roach x2  
  152  7:02  Roach x3  
  152  7:07  Hatchery  
  159  7:08  Roach x2  
  159  7:11  Overlord  
  161  7:17  Overseer  
  156  7:27  Roach x3  
  161  7:35  Overseer  
  149  7:39  Roach  
  149  7:40  Roach x3  
  140  7:45  Roach x2  
  140  7:48  Drone x2  
  140  7:50  Drone  
  140  7:51  Drone  
  145  7:55  Drone x2  
  145  7:56  Drone x2  
  145  7:58  Drone  
  149  7:59  Overseer  
  149  8:00  Drone  
  149  8:10  Roach x3  
  154  8:13  Drone  
  154  8:16  Roach  
  157  8:21  Roach  
  157  8:22  Roach x3  
  158  8:30  Roach  
  140  8:34  Roach  
  140  8:37  Roach  
  118  8:43  Roach, Drone x3  
Show
View Real Time Build Order
Export as new Build Order

iAsonu Zerg - Winner!

Build Orders: Hatch First 

Get SALT Encoding   

  12  0:01  Drone  
  13  0:13  Overlord  
  13  0:17  Drone  
  14  0:31  Drone x2  
  14  0:35  Drone  
  17  0:51  Hatchery  
  17  0:54  Drone  
  17  1:08  Spawning Pool  
  16  1:12  Drone  
  16  1:14  Drone  
  18  1:20  Drone  
  18  1:22  Extractor  
  18  1:30  Overlord  
  18  1:41  Drone  
  19  1:52  Drone  
  20  1:54  Queen  
  22  2:01  Drone  
  22  2:03  Queen  
  22  2:04  Drone  
  26  2:11  Drone  
  26  2:14  Drone  
  29  2:22  Drone  
  29  2:26  Drone  
  30  2:30  Queen  
  30  2:36  Drone x2  
  34  2:40  Lair  
  34  2:44  Overlord  
  34  2:45  Evolution Chamber  
  34  2:47  Drone  
  34  2:54  Drone  
  34  2:55  Roach Warren  
  34  2:58  Drone  
  35  3:05  Drone x3  
  38  3:12  Zerg Missile Weapons Level 1, Drone  
  39  3:13  Drone  
  39  3:15  Drone  
  39  3:18  Drone  
  39  3:19  Drone  
  43  3:21  Extractor  
  43  3:23  Extractor  
  41  3:29  Overlord  
  41  3:30  Drone x2  
  43  3:37  Glial Reconstitution  
  41  3:49  Roach  
  41  3:59  Roach  
  43  4:08  Roach  
  45  4:11  Roach x2  
  45  4:12  Drone x2  
  45  4:15  Overlord  
  51  4:21  Hatchery, Queen  
  52  4:27  Overlord  
  52  4:30  Overlord  
  52  4:34  Drone  
  52  4:35  Drone x2  
  55  4:41  Roach  
  55  4:42  Roach  
  55  4:44  Overlord  
  59  4:46  Roach  
  59  4:51  Roach  
  59  4:52  Queen  
  63  4:59  Roach x4  
  73  5:02  Drone  
  73  5:06  Zerg Missile Weapons Level 2  
  74  5:07  Drone  
  74  5:13  Drone  
  76  5:18  Drone  
  77  5:25  Tunneling Claws  
  77  5:26  Overlord  
  77  5:28  Roach  
  79  5:32  Burrow  
  79  5:34  Roach x2  
  83  5:36  Drone  
  83  5:37  Drone x3  
  83  5:39  Overlord  
  83  5:41  Drone  
  88  5:45  Extractor, Overlord  
  88  5:46  Roach  
  89  5:51  Roach  
  89  5:54  Overlord  
  93  5:57  Roach  
  93  6:02  Drone x2  
  93  6:04  Roach x3  
  99  6:10  Roach x3  
  107  6:14  Drone x3  
  107  6:17  Roach  
  112  6:20  Roach x2  
  112  6:25  Roach x2  
  120  6:30  Overlord  
  120  6:36  Overlord  
  120  6:39  Overlord  
  120  6:51  Roach  
  120  6:52  Roach x7  
  130  6:54  Roach x4  
  130  6:55  Roach  
  130  6:56  Roach x3  
  130  6:59  Roach x3  
  130  7:00  Roach x3  
  144  7:05  Roach  
  144  7:06  Overlord  
  144  7:07  Overlord  
  146  7:14  Roach x3  
  146  7:15  Overlord  
  146  7:19  Overlord  
  146  7:22  Overlord  
  146  7:25  Roach x4  
  146  7:26  Roach x3  
  146  7:27  Roach x5  
  162  7:30  Overlord  
  150  7:38  Roach x9  
  150  7:41  Roach  
  150  7:42  Roach x2  
  148  7:45  Roach x3  
  148  7:46  Roach  
  146  7:54  Roach  
  146  7:55  Roach x2  
  152  7:58  Roach x4  
  152  8:00  Roach x7  
  152  8:04  Roach x3  
  158  8:06  Ravager x2  
  158  8:07  Ravager  
  158  8:10  Roach  
  158  8:11  Roach  
  158  8:12  Roach  
  157  8:16  Roach x8  
  171  8:25  Roach x3  
  171  8:29  Roach x2  
  171  8:33  Roach  
  171  8:34  Roach  
  162  8:37  Roach  
  144  8:42  Roach  
  144  8:43  Roach  
Tags
 
Add a new tag
Caveats
  • Supply blocks, unpowered buildings, or Contaminate may cause inaccurate times.
  • Supply counts are checked every 10 seconds.